 Dungeon Crawl Stone Soup version 0.26.0-15-gc6cd9f7 (webtiles) character file.

Game seed: 5407663691761650380

12034 MercyWheel the Covert (level 11, -1/69 HPs)
             Began as an Octopode Wanderer on Jan 23, 2021.
             Was an Initiate of Gozag.
             Slain by a shadow (33 damage)
             ... on level 11 of the Dungeon.
             The game lasted 00:48:04 (15803 turns).

MercyWheel the Covert (Octopode Wanderer)          Turns: 15803, Time: 00:48:05

Health: -1/69      AC:  7    Str: 18    XL:     11   Next: 87%
Magic:  2/18       EV: 20    Int: 18    God:    Gozag
Gold:   582        SH: 11    Dex: 17    Spells: 2/20 levels left

rFire    + . .     SeeInvis .   c - +5 dagger
rCold    + . .     Faith    .   w - +1 buckler
rNeg     . . .     Spirit   .   (helmet restricted)
rPois    .         Reflect  +   g - amulet of reflection
rElec    .         Harm     .   d - ring of stealth
rCorr    +         Rampage  .   n - +6 ring of strength
Will     .....                  m - ring of wizardry
Stlth    ++++++++..             F - ring "Laapp" {rF+ rC+ Int+2 Dex+4 Stlth+}
HPRegen  0.21/turn              G - ring of resist corrosion
MPRegen  0.16/turn              A - +4 ring of slaying
                                (no ring)
                                (no ring)

@: icy armour, gold aura
A: almost no armour, stealthy swim, amphibious, 8 rings, constrict 8, camouflage
1, gelatinous body 1
a: Renounce Religion, Potion Petition, Call Merchant, Bribe Branch


You were on level 11 of the Dungeon.
You worshipped Gozag.
Gozag was pleased with you.
You visited 3 branches of the dungeon, and saw 13 of its levels.

You collected 2294 gold pieces.
You spent 1620 gold pieces at shops.
You paid 92 gold pieces to Gozag.

Inventory:

Hand Weapons
 c - a +5 dagger (weapon)
 q - a +2 dagger of venom
Missiles
 l - 26 boomerangs (quivered)
 s - 7 silver javelins
 t - 53 poisoned darts
 y - 4 throwing nets
Armour
 w - a +1 buckler (worn)
Jewellery
 d - a ring of stealth (left tentacle)
 g - an amulet of reflection (around mantle)
 m - a ring of wizardry (on tentacle)
 n - a +6 ring of strength (right tentacle)
 A - a +4 ring of slaying (on tentacle)
 F - the ring "Laapp" (on tentacle) {rF+ rC+ Int+2 Dex+4 Stlth+}
   (You found it on level 7 of the Dungeon)

   [ring of protection from fire]

   It affects your intelligence (+2).
   It affects your dexterity (+4).
   It protects you from fire.
   It protects you from cold.
   It makes you more stealthy.
 G - a ring of resist corrosion (on tentacle)
Wands
 v - a wand of flame (19)
 B - a wand of random effects (14)
 I - a wand of iceblast (7)
 J - a wand of polymorph (10)
 K - a wand of enslavement (8)
Scrolls
 a - 2 scrolls of enchant weapon
 b - 10 scrolls of remove curse
 i - 3 scrolls of teleportation
 k - a scroll of enchant armour
 p - 2 scrolls of amnesia
Potions
 e - 2 potions of berserk rage
 f - 3 potions of haste
 h - a potion of heal wounds
 j - 4 potions of mutation
 o - 2 potions of might
 r - 3 potions of curing
 u - 2 potions of cancellation
 x - 3 potions of ambrosia
 z - 3 potions of invisibility
 D - 3 potions of lignification
Miscellaneous
 H - a lightning rod (4/4)


   Skills:
 + Level 4.0 Fighting
 - Level 6.0 Short Blades
 - Level 1.0 Polearms
 - Level 1.0 Throwing
 - Level 9.2 Dodging
 - Level 10.0 Stealth
 - Level 4.0 Shields
 - Level 5.2 Spellcasting
 - Level 6.6 Hexes
 - Level 5.1 Summonings
 - Level 3.1 Transmutations
 - Level 5.0 Ice Magic
 - Level 1.0 Earth Magic
 - Level 3.0 Poison Magic


You had 2 spell levels left.
You knew the following spells:

 Your Spells              Type           Power        Failure   Level
a - Frozen Ramparts       Ice            44%          1%          3
b - Ensorcelled Hibernat  Hex/Ice        50%          1%          2
c - Spider Form           Tmut/Pois      7%           4%          3
d - Tukima's Dance        Hex            28%          1%          3
e - Summon Ice Beast      Ice/Summ       22%          6%          4
f - Ozocubu's Armour      Ice            22%          1%          3

Your spell library contained the following spells:

 Spells                   Type           Power        Failure   Level
 Corona                   Hex            31%          1%          1
 Freeze                   Ice            88%          1%          1
 Sting                    Tmut/Pois      60%          1%          1
 Sandblast                Erth           16%          3%          1
 Confusing Touch          Hex            28%          1%          3
 Dazzling Flash           Conj/Hex       32%          4%          3
 Stone Arrow              Conj/Erth      12%          13%         3
 Metabolic Englaciation   Hex/Ice        12%          13%         5
 Gell's Gravitas          Tloc           2%           16%         3
 Hailstorm                Conj/Ice       13%          19%         4
 Yara's Violent Unravell  Hex/Tmut       11%          19%         5
 Petrify                  Tmut/Erth      12%          22%         4


Dungeon Overview and Level Annotations

Branches:
Dungeon (11/15)            Temple (1/1) D:5             Orc (1/2) D:10
   Lair: D:8-11

Altars:
Elyvilon
Fedhas
Gozag
Hepliaklqana
Makhleb
Nemelex Xobeh
Ru
Sif Muna
Trog
Uskayaw
Vehumet
Wu Jian
Zin
The Shining One

Shops:
D:6 (   D:10 =

Annotations:
D:4 2 exclusions
D:5 1 exclusion
D:9 exclusions: centaur, downstairs and 1 more exclusion
D:10 exclusion: upstairs
D:11 1 exclusion
Orc:1 Erolcha


Innate Abilities, Weirdness & Mutations

You cannot wear most types of armour.
You are very stealthy in the water. (Stealth+)
You are amphibious.
You can wear up to eight rings at the same time.
You can use your tentacles to constrict eight enemies at once.
Your skin changes colour to match your surroundings (Stealth+).
Your rubbery body absorbs attacks. (AC +1, EV +1)


Message History

You hit the shadow but do no damage.
The shadow is heavily damaged.
Your ice beast hits the shadow but does no damage.
Your ice beast closely misses the shadow.
The shadow slips into darkness.
The shadow flickers and vanishes!
Deactivating autopickup; reactivate with Ctrl-A.
Your icy armour will break if you move.
Continue? [Y]es or [N]o only, please.
Your icy armour will break if you move.
Continue? [Y]es or [N]o only, please.
Your icy armour will break if you move.
Continue? [Y]es or [N]o only, please.
Your icy armour will break if you move.
Continue?
Okay, then.
You hit something. You barely miss something.
The shadow strikes at you from the darkness!
You die...
Your body crumbles into a pile of gold.

.###...##..=####...
........Y.........>
...................
!.......Y..........
#+####.####...####
.#########...#### +##
...+............# ..
...#...YY{......+ ..
...#....@$......# .#
..###...####...##
.###+###..###...####...##
<.........#..(..(.#.....#
###.......#(.....(#.....#
.##.<.....#....(..'.....#
.........>+.......#.....#
..........#.......#.....#
.##......###.<##..###..##


You could see 2 friendly ice beasts.

Vanquished Creatures
  Harold (Orc:1)
  3 two-headed ogres
  Joseph (D:9)
  Psyche (D:10)
  A gargoyle (D:10)
  A kobold demonologist (D:9)
  A troll (D:10)
  A hornet (D:10)
  Prince Ribbit (D:7)
  A shadow (D:11)
  Sigmund (D:4)
  10 yaks
  Grum (D:10)
  A nameless horror (D:9)
  An ice beast (D:11)
  4 orc warriors
  3 sky beasts
  2 ogres
  3 wolves (D:10)
  8 centaurs
  11 big kobolds (D:9)
  6 bullfrogs
  A gnoll sergeant (D:8)
  A water moccasin skeleton (D:6)
  4 killer bees (D:9)
  5 scorpions
  6 wights (D:9)
  2 electric eels (D:10)
  A bullfrog zombie (D:10)
  3 quasits
  7 orc priests
  4 hounds
  2 jellies
  2 centaur skeletons
  3 iguanas
  8 orc wizards
  13 worker ants
  2 worker ant zombies (D:9)
  8 gnolls
  6 adders
  A shadow imp (D:10)
  2 white imps
  4 ufetubi
  2 oozes
  An adder skeleton (D:8)
  An adder zombie (D:7)
  4 worms
  2 dart slugs
  3 leopard geckos
  40 orcs
  2 ball pythons (D:1)
  8 giant cockroaches
  7 goblins
  3 hobgoblins
  15 jackals
  5 kobolds
  7 quokkas
  7 bats
  5 frilled lizards
  A jackal skeleton (D:4)
  5 rats (D:1)
266 creatures vanquished.

Vanquished Creatures (collateral kills)
  A yak (D:11)
  A water moccasin (D:9)
  An orc warrior (D:10)
  A black bear (D:9)
  2 centaurs (D:11)
  4 big kobolds (D:9)
  A scorpion (D:9)
  A killer bee (D:9)
  A wight (D:9)
  An orc wizard (D:8)
  A gnoll (D:8)
  3 orcs
  2 kobolds (D:9)
20 creatures vanquished.

Vanquished Creatures (others)
  2 dancing weapons
2 creatures vanquished.

Grand Total: 288 creatures vanquished

Notes
Turn   | Place    | Note
-------+----------+-------------------------------------------
     0 | D:1      | MercyWheel the Octopode Wanderer began the quest for the
                  | Orb.
     0 | D:1      | MercyWheel set off with the following items: a +0 club, a
                  | +0 dagger; and the following spells available to memorise:
                  | Corona, Sandblast, Sting, Ensorcelled Hibernation,
                  | Confusing Touch, Tukima's Dance, Dazzling Flash, Stone
                  | Arrow, Spider Form
     0 | D:1      | Reached XP level 1. HP: 13/13 MP: 2/2
     2 | D:1      | Learned a level 1 spell: Sting
   162 | D:1      | Reached skill level 1 in Transmutations
   310 | D:1      | Reached XP level 2. HP: 18/18 MP: 3/3
   831 | D:2      | Learned a level 2 spell: Ensorcelled Hibernation
   928 | D:2      | Reached skill level 3 in Stealth
   973 | D:2      | Found a burning altar of Makhleb.
  1266 | D:3      | Reached XP level 3. HP: 23/23 MP: 4/4
  1870 | D:3      | Reached skill level 1 in Ice Magic
  1921 | D:3      | Found a white marble altar of Elyvilon.
  2110 | D:4      | Noticed Sigmund
  2158 | D:4      | Noticed a scorpion
  2216 | D:4      | Reached XP level 4. HP: 28/28 MP: 5/5
  2225 | D:4      | Found a glowing silver altar of Zin.
  2226 | D:4      | Noticed an ogre
  2684 | D:4      | Reached XP level 5. HP: 33/33 MP: 6/6
  2873 | D:4      | Found a bloodstained altar of Trog.
  2875 | D:4      | Noticed a phantom
  2913 | D:4      | HP: 1/33 [phantom (10)]
  3722 | D:3      | Reached XP level 6. HP: 37/38 MP: 1/7
  3849 | D:4      | Reached skill level 1 in Short Blades
  3949 | D:5      | Entered Level 5 of the Dungeon
  4469 | D:5      | Reached XP level 7. HP: 27/43 MP: 8/8
  5209 | D:5      | Found a staircase to the Ecumenical Temple.
  5215 | Temple   | Entered the Ecumenical Temple
  5248 | Temple   | Became a worshipper of Gozag Ym Sagoz the Greedy
  5858 | D:2      | You fall into a shaft and drop 1 floor!
  6320 | D:4      | Found a radiant altar of Vehumet.
  6321 | D:4      | Found a sparkling altar of Nemelex Xobeh.
  6429 | D:4      | Killed Sigmund
  6543 | D:4      | Reached skill level 5 in Short Blades
  6739 | D:6      | Reached skill level 4 in Stealth
  6863 | D:6      | Reached skill level 5 in Stealth
  6863 | D:6      | Reached XP level 8. HP: 43/48 MP: 9/9
  6918 | D:6      | Reached skill level 1 in Shields
  7279 | D:6      | Reached skill level 6 in Stealth
  7299 | D:6      | Learned a level 3 spell: Spider Form
  7352 | D:6      | Reached skill level 1 in Poison Magic
  7593 | D:6      | Found Kangaiz's Antique Weapon Emporium.
  7972 | D:7      | Noticed a two-headed ogre
  7988 | D:7      | Killed a two-headed ogre
  7989 | D:7      | Reached XP level 9. HP: 7/53 MP: 4/12
  7997 | D:7      | Learned a level 3 spell: Tukima's Dance
  8543 | D:7      | Found a shimmering blue altar of Sif Muna.
  8550 | D:7      | Identified Sif Muna's Grimoire of Malediction
  8556 | D:7      | Found a bloodstained altar of Trog.
  9332 | D:7      | Noticed Prince Ribbit
  9337 | D:7      | Killed Prince Ribbit
  9338 | D:7      | Reached skill level 5 in Dodging
  9595 | D:7      | Got a brightly glowing granite ring
  9659 | D:7      | Identified the ring "Laapp" {rF+ rC+ Int+2 Dex+4 Stlth+}
                  | (You found it on level 7 of the Dungeon)
 10817 | D:8      | Reached XP level 10. HP: 57/63 MP: 7/13
 10819 | D:8      | Found a sacrificial altar of Ru.
 11190 | D:9      | Learned a level 4 spell: Summon Ice Beast
 11209 | D:9      | Noticed a two-headed ogre
 11219 | D:9      | Killed a two-headed ogre
 11361 | D:9      | Reached skill level 5 in Summonings
 11555 | D:9      | Noticed Joseph
 11927 | D:9      | Killed Joseph
 12155 | D:10     | Entered Level 10 of the Dungeon
 12155 | D:10     | Found Voaph's Jewellery Shop.
 12155 | D:10     | Noticed a gargoyle
 12539 | D:10     | Noticed Psyche
 12542 | D:10     | Killed Psyche
 12749 | D:10     | Noticed Grum
 12761 | D:10     | Killed Grum
 12762 | D:10     | Reached skill level 7 in Stealth
 12914 | D:10     | Reached XP level 11. HP: 34/69 MP: 9/15
 13117 | D:10     | Found a staircase to the Orcish Mines.
 13219 | Orc:1    | Entered Level 1 of the Orcish Mines
 13219 | Orc:1    | Noticed Harold
 13227 | Orc:1    | Killed Harold
 13228 | Orc:1    | Reached skill level 9 in Stealth
 13253 | Orc:1    | Noticed Erolcha
 13345 | D:9      | Reached skill level 10 in Stealth
 13394 | D:9      | Reached skill level 5 in Ice Magic
 14600 | D:10     | Bought an uncursed amulet of reflection for 450 gold pieces
 14600 | D:10     | Bought a +4 ring of slaying for 1170 gold pieces
 14625 | D:11     | Noticed a two-headed ogre
 14747 | D:10     | Killed a two-headed ogre
 15434 | D:11     | Learned a level 3 spell: Frozen Ramparts
 15612 | D:10     | Learned a level 3 spell: Ozocubu's Armour
 15795 | D:11     | Reached skill level 5 in Spellcasting
 15803 | D:11     | Slain by a shadow

Illustrated notes

Levels and vault maps discovered:
D:1:      lightli_arrival_maybe_door_vault, layout_loops_ring,
          grunt_decor_clamped
D:2:      layout_loops_ring, bloody_makhleb
D:3:      layout_basic, elyvilon_altar_5
D:4:      kennysheep_spiral_hall, layout_cave_pods, lemuel_crystal_altar,
          minitemple, bloody_trog, uniq_sigmund
D:5:      layout_basic, minmay_temple_entry_fiery
D:6:      layout_basic, serial_curves, eino_curves_03, eino_curves_02,
          serial_shops, shop
D:7:      layout_gridville, nzn_overflow_gifts_of_might_and_magic,
          uniq_prince_ribbit1
D:8:      layout_loops_cross, nicolae_ru_great_annihilating_truth
D:9:      layout_rooms, special_room [special_room_kobold], centaur_isle,
          uniq_joseph
D:10:     layout_basic, hiddenorc1_lemuel, serial_shops, shop, uniq_grum,
          uniq_psyche
D:11:     layout_gridville, lair_entry_dummy
Temple:   minmay_crystal_spiral_temple
Orc:1:    layout_diamond_mine, basic_altar, ebering_ghost_disaster_area,
          uniq_harold, uniq_erolcha

Skill      XL: |  1  2  3  4  5  6  7  8  9 10 11 |
---------------+----------------------------------+-----
Transmutations | 1 2 3 |  3.1
Stealth        | 3 5 6 7 10 | 10.0
Hexes          | 2 3 6 |  6.6
Ice Magic      | 2 3 4 5 |  5.0
Dodging        | 4 6 7 9 |  9.2
Short Blades   | 3 5 6 |  6.0
Shields        | 4 |  4.0
Spellcasting   | 2 3 5 |  5.2
Poison Magic   | 3 |  3.0
Fighting       | 3 4 |  4.0
Summonings     | 5 |  5.1
Polearms       | |  1.0
Throwing       | |  1.0
Earth Magic    | |  1.0

Action                   |  1- 3 |  4- 6 |  7- 9 | 10-12 || total
-------------------------+-------+-------+-------+-------++-------
Melee: Club              |    70 |       |       |       ||    70
       Constrict         |    22 |    10 |    31 |    71 ||   134
       Tentacles         |     8 |    12 |    34 |   110 ||   164
       Spear             |    13 |    56 |       |       ||    69
       Dagger            |       |    15 |   166 |   345 ||   526
       Unarmed           |       |       |    78 |     3 ||    81
Throw: Boomerang         |     7 |     9 |     6 |    11 ||    33
 Cast: Sting             |    13 |     3 |       |       ||    16
       Ensorcelled Hiber |       |     6 |    27 |    15 ||    48
       Spider Form       |       |       |    12 |     2 ||    14
       Tukima's Dance    |       |       |    12 |    24 ||    36
       Summon Ice Beast  |       |       |       |    23 ||    23
       Frozen Ramparts   |       |       |       |     2 ||     2
       Ozocubu's Armour  |       |       |       |     1 ||     1
Evoke: Wand              |       |       |     2 |     3 ||     5
  Use: Potion            |       |     1 |       |     5 ||     6
       Scroll            |       |       |       |    21 ||    21
 Stab: Sleeping          |    13 |     7 |    38 |    31 ||    89
       Distracted        |       |       |     1 |     4 ||     5
       Paralysed         |       |       |       |     1 ||     1
Armor: Skin              |    10 |     1 |     6 |     6 ||    23
Dodge: Dodged            |    57 |    39 |   204 |   194 ||   494
Block: Buckler           |       |       |    18 |   104 ||   122
       Reflection        |       |       |       |    11 ||    11
